Map: Terraform LE (Void)

Players

Javert

  • Race: Zerg Zerg
  • League: Grandmaster

JadeFalcon - Winner!

  • Race: Protoss Protoss
  • League: Gold

VOD

Have the link to the VOD?

Description

Time

  • Played on: July 14, 2015, 5:44 p.m.
  • Length: 8:57
Show
View Real Time Build Order
Export as new Build Order

Javert Zerg 

Build Orders: Hatch First 

Get SALT Encoding   

  12  0:01  Drone  
  13  0:13  Overlord  
  13  0:33  Drone x3  
  16  0:53  Hatchery  
  16  0:56  Drone x2  
  17  1:01  Extractor  
  16  1:18  Spawning Pool  
  15  1:20  Drone x2  
  17  1:28  Drone  
  18  1:40  Drone  
  19  1:53  Drone  
  20  2:05  Metabolic Boost, Queen  
  20  2:06  Queen  
  24  2:14  Zergling x6  
  27  2:24  Overlord  
  27  2:39  Drone  
  28  2:50  Hatchery  
  27  2:56  Drone x5  
  32  3:04  Overlord  
  32  3:11  Queen  
  33  3:29  Drone  
  33  3:30  Drone x6  
  33  3:32  Drone  
  41  3:43  Extractor  
  41  3:44  Overlord  
  41  3:45  Overlord  
  41  3:46  Extractor  
  39  3:54  Drone  
  40  3:57  Roach Warren  
  40  4:01  Drone x4  
  43  4:05  Overlord  
  43  4:15  Lair  
  43  4:39  Extractor  
  43  4:42  Drone x12  
  43  4:45  Evolution Chamber  
  53  5:06  Overlord x2  
  52  5:07  Drone x4  
  52  5:08  Drone x4  
  60  5:16  Glial Reconstitution  
  60  5:18  Zerg Missile Weapons Level 1  
  59  5:22  Overlord, Extractor  
  59  5:23  Extractor  
  59  5:27  Hydralisk Den  
  56  5:36  Roach x6  
  68  5:48  Evolution Chamber  
  67  6:01  Ravager x4  
  67  6:02  Hydralisk  
  67  6:03  Hydralisk x4  
  81  6:06  Drone  
  81  6:07  Overlord x3  
  82  6:23  Overlord x2  
  82  6:25  Spine Crawler  
  81  6:26  Overseer x2  
  81  6:34  Muscular Augments  
  81  6:37  Roach  
  81  6:38  Roach x4  
  77  6:56  Spire  
  76  7:02  Burrow  
  69  7:28  Overlord x2  
  51  7:36  Hydralisk x10  
  71  7:49  Drone x3  
  71  8:08  Spore Crawler  
  71  8:09  Spine Crawler  
  71  8:10  Corruptor x2  
  73  8:15  Spore Crawler  
  73  8:17  Drone  
  73  8:22  Drone x2  
Show
View Real Time Build Order
Export as new Build Order

JadeFalcon Protoss - Winner!

Build Orders: Nexus First, Phoenix Opening 

Get SALT Encoding   

  12  0:01  Probe  
  13  0:14  Probe  
  14  0:28  Pylon  
  14  0:46  Probe (Chrono Boost)  
  15  0:55  Probe (Chrono Boost)  
  16  1:00  Nexus  
  16  1:03  Probe (Chrono Boost)  
  17  1:15  Probe (Chrono Boost)  
  18  1:21  Forge  
  18  1:23  Probe (Chrono Boost)  
  19  1:32  Probe  
  20  1:36  Gateway  
  20  1:46  Pylon  
  20  1:51  Assimilator  
  20  1:55  Assimilator  
  20  2:00  Photon Cannon  
  20  2:07  Probe (Chrono Boost)  
  22  2:18  Probe (Chrono Boost)  
  22  2:20  Probe (Chrono Boost)  
  23  2:28  Cybernetics Core  
  23  2:29  Probe (Chrono Boost)  
  24  2:32  Probe (Chrono Boost)  
  25  2:37  Probe  
  25  2:42  Probe  
  27  2:49  Probe  
  28  2:51  Zealot  
  28  2:55  Probe (Chrono Boost)  
  31  3:01  Probe (Chrono Boost)  
  32  3:06  Stargate  
  32  3:07  Probe (Chrono Boost)  
  32  3:11  Probe (Chrono Boost)  
  34  3:14  Probe (Chrono Boost)  
  34  3:18  Probe (Chrono Boost)  
  36  3:24  Probe (Chrono Boost)  
  36  3:25  Robotics Facility  
  37  3:30  Probe (Chrono Boost)  
  37  3:31  Assimilator  
  37  3:34  Assimilator  
  39  3:35  Probe (Chrono Boost)  
  39  3:39  Probe (Chrono Boost)  
  40  3:41  Probe (Chrono Boost)  
  40  3:43  Pylon  
  40  3:46  Warp Gate  
  41  3:50  Phoenix (Chrono Boost)  
  41  3:55  Probe  
  44  4:01  Probe  
  45  4:07  Probe  
  46  4:13  Mothership Core  
  46  4:15  Robotics Bay  
  48  4:19  Probe  
  48  4:21  Pylon  
  49  4:26  Warp Prism  
  49  4:31  Probe  
  52  4:39  Probe  
  52  4:43  Probe  
  54  4:51  Probe  
  55  4:58  Void Ray (Chrono Boost)  
  56  5:18  Gravitic Drive (Chrono Boost)  
  60  5:30  Disruptor (Chrono Boost)  
  60  5:36  Gateway x2  
  60  5:38  Protoss Ground Weapons Level 1  
  60  5:41  Gateway  
  60  5:43  Gateway x2  
  60  5:48  Gateway  
  60  5:49  Pylon  
  60  5:51  Pylon  
  60  6:07  Probe x2  
  60  6:08  Disruptor  
  66  6:11  Pylon  
  66  6:13  Disruptor  
  66  6:19  Probe x2  
  68  6:28  Nexus  
  68  6:29  Pylon  
  68  6:31  Probe x2, Pylon  
  70  6:34  Disruptor  
  70  6:35  Assimilator  
  70  6:37  Assimilator  
  70  6:46  Disruptor  
  70  6:48  Probe x2  
  72  7:00  Probe x2  
  74  7:01  Photon Cannon  
  74  7:03  Stalker x2  
  74  7:04  Stalker x2, Gateway  
  74  7:05  Gateway  
  86  7:08  Disruptor  
  86  7:12  Probe  
  86  7:15  Stalker x2  
  91  7:21  Disruptor  
  91  7:32  Probe x2  
  93  7:37  Stalker  
  93  7:38  Stalker x2  
  93  7:40  Probe  
  93  7:44  Probe x2, Colossus (Chrono Boost)  
  101  7:50  Pylon  
  108  7:52  Probe  
  108  7:53  Disruptor  
  108  7:56  Probe x2  
  111  8:04  Probe  
  112  8:08  Probe x2  
  114  8:16  Disruptor  
  114  8:18  Twilight Council  
  114  8:26  Gateway  
  114  8:28  Gateway  
  114  8:33  Stalker x4  
  122  8:34  Pylon  
  122  8:36  Pylon  
  122  8:38  Pylon  
Tags
 
Add a new tag
Caveats
  • Supply blocks, unpowered buildings, or Contaminate may cause inaccurate times.
  • Supply counts are checked every 10 seconds.